 Dungeon Crawl Stone Soup version 0.31.0-10-gcf4a605ca0 (webtiles) character file.

Game seed: 17103950267756428859

531 dave1331 the Chopper (level 7, -4/61 HPs)
             Began as a Hill Orc Fighter on Jan 26, 2024.
             Killed by divine providence
             ... invoked by an orc priest
              (15 damage)
             ... on level 4 of the Dungeon.
             The game lasted 00:13:28 (3151 turns).

dave1331 the Chopper (Hill Orc Fighter)             Turns: 3151, Time: 00:13:28

Health: -4/61      AC:  8    Str: 21    XL:     7   Next: 24%
Magic:  7/7        EV:  9    Int:  8    God:
Gold:   134        SH:  4    Dex: 10    Spells: 6/6 levels left

rFire   . . .        i - +0 falchion
rCold   . . .        c - +0 buckler
rNeg    + . .        b - +1 scale mail
rPois   .            (no helmet)
rElec   .            (no cloak)
rCorr   .            (no gloves)
SInv    .            (no boots)
Will    .....        (no amulet) Stlth
                     h - ring of wizardry
HPRegen 0.30/turn    l - ring of positive energy
MPRegen 0.10/turn

%: clarity, wizardry (x1)
@: unable to read
A: clarity, inability to read after injury 2
a: Convert to Beogh


You were on level 4 of the Dungeon.
You visited 1 branch of the dungeon, and saw 4 of its levels.

You collected 209 gold pieces.
You spent 75 gold pieces at shops.

Inventory:

Hand Weapons
 a - a +0 war axe
 f - a +0 short sword
 i - a +0 falchion (weapon)
Armour
 b - a +1 scale mail (worn)
 c - a +0 buckler (worn)
Jewellery
 h - a ring of wizardry (left hand)
 l - a ring of positive energy (right hand)
Wands
 e - a wand of mindburst (4)
Scrolls
 g - a scroll of identify
 j - a scroll of torment (quivered)
 k - a scroll of enchant weapon {unknown}
Potions
 d - a potion of magic


   Skills:
 + Level 5.4 Fighting
 + Level 1.9(2.0) Short Blades
 + Level 0.1(1.2) Long Blades
 + Level 6.3 Axes
 + Level 4.8 Armour
 + Level 1.1 Dodging
 + Level 0.2 Stealth
 + Level 3.8 Shields
 + Level 1.0 Evocations


You had 6 spell levels left.
You didn't know any spells.
Your spell library contained the following spells:

 Spells                   Type           Power      Damage    Failure   Level
 Freeze                   Ice            0%         1d3       45%         1
 Ensorcelled Hibernation  Hex/Ice        0%         N/A       61%         2
 Jinxbite                 Hex            0%         N/A       61%         2
 Frozen Ramparts          Ice            0%         1d1       82%         3
 Hailstorm                Conj/Ice       0%         3d5       82%         3
 Passwall                 Erth           0%         N/A       82%         3
 Swiftness                Air            0%         N/A       82%         3
 Yara's Violent Unravell  Hex/Alch       0%         3d3       100%        5
 Enfeeble                 Hex            0%         N/A       100%        7


Dungeon Overview and Level Annotations

Branches:
Dungeon (4/15)             Temple (0/1) D:4

Altars:
Dithmenos
Gozag
Hepliaklqana
Nemelex Xobeh
Wu Jian
Xom

Shops:
D:3 ?   D:4 [


Innate Abilities, Weirdness & Mutations

You possess an exceptional clarity of mind.
You sometimes lose the ability to read scrolls when taking damage.


Message History

(press Y on the ability menu to convert to Beogh)
The orc priest shouts!
The orc shouts!
The orc moves out of view.
An orc comes into view. It is wielding a +0 flail.
The orc shouts!
The orc hits you but does no damage.
You hit the orc.
The orc is heavily wounded.
The orc priest invokes the aid of Beogh against you.
Beogh smites you! The orc closely misses you.
The orc priest shouts, "Surrender to Beogh and we'll let you live!"
You hit the orc.
You kill the orc!
The orc priest hits you but does no damage.
You hit the orc priest.
The orc priest shouts, "Join the one true god or die!"
The orc priest is moderately wounded.
The orc priest invokes the aid of Beogh against you.
Beogh smites you!
You slash the orc priest!
The orc priest is almost dead.
The orc hits you with a +0 flail.
The orc priest calls down the wrath of Beogh upon you.
Pain shoots through your body! You block the orc's attack.
You block the orc priest's attack. The orc completely misses you.
You hit the orc.
The orc is heavily wounded.
The orc hits you with a +0 flail. The orc hits you with a +0 war axe.
You feel threatened and lose the ability to read scrolls!
The orc priest invokes the aid of Beogh against you.
Beogh smites you!
* * * LOW HITPOINT WARNING * * *
You hit the orc but do no damage.
The orc is heavily wounded.
The orc priest threatens, "By the altar or by the axe, you will meet Beogh!"
The orc barely misses you. The orc hits you with a +0 war axe.
* * * LOW HITPOINT WARNING * * *
The orc priest calls down the wrath of Beogh upon you.
Beogh smites you!
You die...

#....... #.###### #.# #####
#.# #...# #.# # #...# #.# #
###...# #.# #
######o....######.######
'.....o@...+............
######o#...######.######
#.###....###'######
#######............#
#####⌠...⌠######.......#
####...#.....#...#........#
###
#....⌠....>....⌠..........#
..###
#.##...#.....#...#####.#...
#...###.######⌠..)⌠#####
#.#.##


You could see an orc priest and 2 orcs.

Vanquished Creatures
  Grinder (D:3)
  An ogre (D:3)
  2 hounds (D:4)
  Terence (D:3)
  2 orc wizards (D:3)
  An adder (D:3)
  4 dart slugs
  2 ribbon worms (D:2)
  12 orcs
  6 endoplasms
  5 giant cockroaches
  5 goblins
  3 hobgoblins (D:4)
  3 jackals (D:2)
  3 kobolds
  3 quokkas (D:2)
  3 ball pythons
  5 bats
  A frilled lizard (D:2)
  4 rats
67 creatures vanquished.

Vanquished Creatures (others)
  An orc wizard (D:3)
1 creature vanquished.

Grand Total: 68 creatures vanquished

Notes
Turn   | Place    | Note
-------+----------+-------------------------------------------
     0 | D:1      | dave1331 the Hill Orc Fighter began the quest for the Orb.
     0 | D:1      | Reached XP level 1. HP: 19/19 MP: 1/1
   181 | D:2      | Reached XP level 2. HP: 21/27 MP: 2/2
   264 | D:2      | Reached skill level 3 in Axes
   420 | D:2      | Reached XP level 3. HP: 33/33 MP: 3/3
   862 | D:3      | Found a hazy altar of Hepliaklqana.
   863 | D:3      | Found an ornate altar of the Wu Jian Council.
   939 | D:3      | Noticed Grinder
   939 | D:3      | Noticed Terence
   948 | D:3      | Killed Terence
   949 | D:3      | Reached skill level 4 in Axes
   949 | D:3      | Reached XP level 4. HP: 21/41 MP: 4/4
   951 | D:3      | Killed Grinder
   952 | D:3      | Reached skill level 5 in Fighting
   952 | D:3      | Reached skill level 5 in Axes
   952 | D:3      | Reached XP level 5. HP: 24/48 MP: 5/5
   952 | D:3      | Reached XP level 6. HP: 28/56 MP: 6/6
  1186 | D:3      | Found a shadowy altar of Dithmenos.
  1307 | D:3      | Reached skill level 6 in Axes
  1527 | D:3      | HP: 1/56 [ogre/+0 giant spiked club (23)]
  1533 | D:3      | Reached skill level 1 in Short Blades
  1533 | D:3      | Reached skill level 1 in Evocations
  1537 | D:3      | HP: 2/56 [bat (1)]
  1547 | D:3      | HP: 1/56 [goblin/+0 club (2)]
  1552 | D:3      | HP: 2/56 [bat (1)]
  1863 | D:3      | Reached skill level 1 in Dodging
  1863 | D:3      | Reached XP level 7. HP: 17/61 MP: 7/7
  2118 | D:3      | Found Inlulomn's Magic Scroll Emporium.
  2119 | D:3      | Gained mutation: You occasionally lose the ability to read
                  | scrolls when taking damage. [potion of mutation]
  2119 | D:3      | Gained mutation: You sometimes lose the ability to read
                  | scrolls when taking damage. [potion of mutation]
  2119 | D:3      | Gained mutation: You possess an exceptional clarity of
                  | mind. [potion of mutation]
  2122 | D:3      | Bought a scroll of enchant armour for 75 gold pieces
  2156 | D:3      | Found a shimmering altar of Xom.
  2157 | D:3      | Found an opulent altar of Gozag.
  2158 | D:3      | Found a sparkling altar of Nemelex Xobeh.
  2343 | D:4      | Found Lucluz's Antique Armour Boutique.
  3113 | D:4      | Found a staircase to the Ecumenical Temple.
  3151 | D:4      | Killed from afar by an orc priest

Illustrated notes

Levels and vault maps discovered:
D:1:      dpeg_arrival_snail, layout_basic, serial_shops, shop, shop,
          nicolae_shop_scrapyard
D:2:      layout_basic
D:3:      layout_basic, mainiacjoe_overflow_24_doors, minitemple,
          nicolae_overflow_squiral, serial_shops, nicolae_shop_rolled_up,
          serial_forest, infiniplex_forest_straight_1,
          infiniplex_forest_clump_curved, infiniplex_forest_lined_3_way,
          infiniplex_forest_lined_1, infiniplex_forest_lined_room_2,
          infiniplex_forest_corner_2, infiniplex_forest_clump_cross,
          minmay_pentangle, uniq_grinder, uniq_terence
D:4:      layout_basic, tgw_trog, minmay_temple_entry_antechambers,
          serial_shops, nicolae_square_shop, minmay_bisected

Skill      XL: |  1  2  3  4  5  6 |
---------------+-------------------+-----
Fighting       | 4 5 |  5.4
Axes           | 3 4 5 6 |  6.3
Armour         | 4 |  4.8
Short Blades   | 1 |  1.9
Evocations     | 1 |  1.0
Dodging        | 1 |  1.1
Long Blades    | |  0.1
Stealth        | |  0.2
Shields        | |  3.8

Action                     |  1- 3 |  4- 6 |  7- 9 || total
---------------------------+-------+-------+-------++-------
  Melee: War axe           |    74 |     2 |       ||    76
         Short sword       |       |   112 |    86 ||   198
         Falchion          |       |       |    32 ||    32
  Evoke: Wand              |     6 |       |       ||     6
    Use: Scroll            |     2 |     2 |     5 ||     9
         Potion            |     1 |     5 |     5 ||    11
 Armour: Scale mail        |    55 |   119 |    73 ||   247
  Dodge: Dodged            |    38 |    72 |    39 ||   149
  Block: Buckler           |    25 |    35 |    21 ||    81
